 Dungeon Crawl Stone Soup version 0.20-a0-1016-g241539b (webtiles) character file.

13 Murumi the Sneak (level 2, 0/22 HPs)
             Began as a Naga Enchanter on Apr 16, 2017.
             Slain by a jackal (1 damage)
             ... on level 1 of the Dungeon.
             The game lasted 00:01:18 (281 turns).

Murumi the Sneak (Naga Enchanter)                    Turns: 281, Time: 00:01:19

Health: 0/22       AC:  2    Str: 10    XL:     2   Next: 37%
Magic:  5/5        EV: 10    Int: 15    God:
Gold:   0          SH:  0    Dex: 11    Spells: 4/5 levels left

rFire    . . .     SeeInvis +   a - +1 dagger
rCold    . . .     Gourm    .   (no shield)
rNeg     . . .     Faith    .   b - +0 robe
rPois    +         Spirit   .   g - +0 helmet
rElec    .         Reflect  .   (no cloak)
rCorr    .         Harm     .   (no gloves)
MR       .....     Rnd*Tele +   (no barding)
Stlth    +++.......             (no amulet)
Regen    0.1/turn               f - ring of teleportation (curse)
MPRegen  0.1/turn               (no ring)

@: short of breath, very slow
A: see invisible, deformed body, poison resistance, slowness 2, slow metabolism
1, spit poison 1, AC +0
a: Spit Poison


You were on level 1 of the Dungeon.
You were not hungry.

You visited 1 branch of the dungeon, and saw 1 of its levels.

Inventory:

Hand Weapons
 a - a +1 dagger (weapon)
Armour
 b - a +0 robe (worn)
 g - a +0 helmet (worn)
Jewellery
 f - a cursed ring of teleportation (left hand)
Books
 c - a book of Maledictions

   Spells                             Type                      Level
   a - Corona                         Hexes                        1
   b - Ensorcelled Hibernation        Hexes/Ice                    2
   c - Confuse                        Hexes                        3
   d - Tukima's Dance                 Hexes                        3
   e - Dazzling Spray                 Conjuration/Hexes            3
Comestibles
 d - a bread ration


   Skills:
 - Level 1.0 Short Blades
 - Level 2.1 Dodging
 + Level 4.9 Stealth
 - Level 2.0 Spellcasting
 - Level 3.0 Hexes


You had 4 spell levels left.
You knew the following spells:

 Your Spells              Type           Power        Failure   Level  Hunger
a - Corona                Hex            ##.....      8%          1    #......


Dungeon Overview and Level Annotations

Branches:
Dungeon (1/15)

Altars:


Innate Abilities, Weirdness & Mutations

You cannot wear boots.
Your serpentine skin is tough. (AC +0)
You have supernaturally acute eyesight. (SInv)
Armour fits poorly on your strangely shaped body.
Your system is resistant to poisons. (rPois)
You cover ground very slowly.
You have a slow metabolism.
You can spit poison.


Message History

You barely miss the jackal.
The jackal is almost dead.
You have got your breath back.
The bat hits you but does no damage. The jackal bites you.
The jackal misses you. The jackal barely misses you.
Press: ? - help, Shift-Dir - straight line, f/p - jackal
Aim: a jackal The splash of poison misses the jackal.
You feel slightly more hungry. The bat hits you but does no damage.
The jackal bites you. x2
* * * LOW HITPOINT WARNING * * *
You barely miss the jackal.
The jackal is almost dead.
The bat barely misses you. The jackal barely misses you.
The jackal bites you but does no damage.
You barely miss the jackal.
The jackal is almost dead.
The bat completely misses you. The jackal bites you.
* * * LOW HITPOINT WARNING * * *
The jackal bites you.
You die...

###.. ..#.# .#
#.....### ..#.##
.....#.......### ..+..+
..#..#.........# ..#.##
.....#.........# .....+
....>..........# ....##
..............##
..#'##.!.......h......#
...............h@b....#
...............).[....#
.................(....#
......................#
........#....#.......(#
#####...#....##########
...#... ...#.. #.$


You could see 2 jackals and a bat.

Vanquished Creatures
  3 dart slugs (D:1)
  A bat (D:1)
  A goblin (D:1)
  A kobold (D:1)
  A rat (D:1)
7 creatures vanquished.

Notes
Turn   | Place    | Note
-------+----------+-------------------------------------------
     0 | D:1      | Murumi the Naga Enchanter began the quest for the Orb.
     0 | D:1      | Reached XP level 1. HP: 15/15 MP: 3/3
   224 | D:1      | Reached XP level 2. HP: 20/22 MP: 5/5
   281 | D:1      | HP: 1/22 [jackal (3)]
   281 | D:1      | Slain by a jackal

Vault maps used:
D:1:      dpeg_arrival_chambers_temple_mockup

Skill      XL: |  1 |
---------------+----+-----
Dodging        | 2 |  2.1
Short Blades   | |  1.0
Stealth        | |  4.9
Spellcasting   | |  2.0
Hexes          | |  3.0

Action                   || total
-------------------------++-------
Melee: Dagger            ||    22
 Abil: Spit Poison       ||     8
  Use: Scroll            ||     1
       Potion            ||     1
 Stab: Sleeping          ||     1
Armor: Robe              ||    14
Dodge: Dodged            ||    28
